General information
- name: BNet
- type: Ladder team game (AT/RT)
- host: Battle.net
- saver: SMERBSSISTER
map: MarketSquare
- players: 8
- length: 87:48
- speed: Fast
- version: 1.26 W3XP
- replay type: Public
» download(399 KB)
Players
team 1 (winner)

»
SMERB.COM.COM (
purple | 50 APM | 4371 actions | 87:48)
8 Goblin Tinker
3 Pocket Factory
3 Engineering Upgrade
1 Robo-Goblin
1 Cluster Rockets
2 Death Knight
1 Unholy Aura
1 Death Coil
» actions
| Assign group hotkey | 5 | |
| Basic commands | 290 | |
| Build / train | 111 | |
| ESC pressed | 3 | |
| Enter build submenu | 31 | |
| Enter hero's abilities submenu | 10 | |
| Give item / drop item | 17 | |
| Right click | 2546 | |
| Select / deselect | 696 | |
| Select group hotkey | 462 | |
| Use ability | 200 | |
4371 total
» units
| Peasant | 13 | |
| Troll Batrider | 13 | |
| Frost Wyrm | 1 | |
27 total
» upgrades
| Masonry | 2 | |
| Lumber Harvesting | 1 | |
| Spiked Barricades | 1 | |
4 total
» buildings
| Altar of Kings | 3 | |
| Farm | 1 | |
| Lumber Mill | 1 | |
| Scout Tower | 13 | |
| Arcane Vault | 1 | |
| Arcane Tower | 3 | |
| Guard Tower | 19 | |
| Keep | 2 | |
| Castle | 1 | |
| Town Hall | 2 | |
| Watch Tower | 10 | |
56 total
» build order
00:08 Altar of Kings
00:12 Farm
01:12 Lumber Mill
01:54 Scout Tower
01:59 Arcane Vault
02:53 Arcane Tower
02:53 Arcane Tower
02:54 Arcane Tower
04:41 Scout Tower
04:45 Scout Tower
06:17 Guard Tower
06:17 Guard Tower
07:14 Keep
07:14 Keep
11:09 Castle
12:10 Altar of Kings
15:08 Town Hall
15:26 Scout Tower
15:27 Scout Tower
15:27 Scout Tower
15:34 Scout Tower
16:04 Guard Tower
16:23 Guard Tower
16:23 Guard Tower
16:28 Scout Tower
16:29 Guard Tower
16:29 Guard Tower
17:00 Scout Tower
17:00 Guard Tower
17:01 Guard Tower
17:03 Scout Tower
17:20 Guard Tower
17:21 Scout Tower
18:09 Guard Tower
18:10 Guard Tower
18:10 Guard Tower
18:32 Scout Tower
18:38 Scout Tower
19:13 Guard Tower
19:13 Guard Tower
19:13 Guard Tower
19:20 Guard Tower
40:01 Watch Tower
40:02 Watch Tower
40:03 Watch Tower
40:05 Watch Tower
40:07 Watch Tower
41:14 Watch Tower
41:15 Watch Tower
42:40 Watch Tower
42:41 Watch Tower
42:44 Watch Tower
42:55 Town Hall
68:10 Altar of Kings
» items
| Boots of Speed | 1 | |
| Staff of Teleportation | 1 | |
| Scroll of Regeneration | 4 | |
| Lesser Clarity Potion | 4 | |
| Mechanical Critter | 13 | |
| Potion of Healing | 5 | |
| Ivory Tower | 4 | |
| Scroll of Town Portal | 2 | |
| Healing Salve | 3 | |
| Orb of Lightning | 1 | |
38 total

»
What_A_Buster (
red | 29 APM | 704 actions | 24:12)
4 Death Knight
2 Death Coil
2 Unholy Aura
» actions
| Assign group hotkey | 16 | |
| Build / train | 56 | |
| ESC pressed | 1 | |
| Enter build submenu | 20 | |
| Enter hero's abilities submenu | 4 | |
| Remove unit from queue | 1 | |
| Right click | 249 | |
| Select / deselect | 146 | |
| Select group hotkey | 184 | |
| Use ability | 27 | |
704 total
» units
| Acolyte | 28 | |
| Ghoul | 6 | |
| Frost Wyrm | 4 | |
38 total
» upgrades
| Creature Attack | 3 | |
| Creature Carapace | 3 | |
| Freezing Breath | 1 | |
7 total
» buildings
| Halls of the Dead | 2 | |
| Ziggurat | 7 | |
| Crypt | 1 | |
| Altar of Darkness | 1 | |
| Graveyard | 1 | |
| Black Citadel | 1 | |
| Sacrificial Pit | 1 | |
| Boneyard | 3 | |
| Spirit Tower | 1 | |
| Nerubian Tower | 1 | |
19 total
» build order
01:03 Halls of the Dead
01:41 Ziggurat
01:44 Crypt
02:04 Halls of the Dead
03:02 Altar of Darkness
03:09 Graveyard
03:22 Ziggurat
04:26 Black Citadel
04:41 Sacrificial Pit
05:44 Ziggurat
06:58 Boneyard
07:02 Boneyard
07:11 Boneyard
08:10 Ziggurat
08:21 Ziggurat
10:01 Ziggurat
12:32 Spirit Tower
13:58 Ziggurat
19:19 Nerubian Tower
claymore (
blue | 32 APM | 962 actions | 29:53)
6 Blademaster
1 Mirror Image
3 Critical Strike
1 Wind Walk
1 Bladestorm
4 Shadow Hunter
2 Healing Wave
2 Serpent Ward
» actions
| Build / train | 76 | |
| Enter build submenu | 28 | |
| Enter hero's abilities submenu | 10 | |
| Give item / drop item | 2 | |
| Right click | 540 | |
| Select / deselect | 257 | |
| Use ability | 49 | |
962 total
» units
| Peon | 23 | |
| Wind Rider | 18 | |
| Troll Batrider | 2 | |
| Gargoyle | 1 | |
| Frost Wyrm | 1 | |
45 total
» upgrades
| Pillage | 1 | |
| Armor | 3 | |
| Ranged Weapons | 3 | |
| Envenomed Spears | 1 | |
| Liquid Fire | 1 | |
| Spiked Barricades | 2 | |
| Reinforced Defenses | 1 | |
12 total
» buildings
| Orc Burrow | 8 | |
| War Mill | 2 | |
| Altar of Storms | 1 | |
| Watch Tower | 12 | |
| Stronghold | 1 | |
| Great Hall | 1 | |
| Fortress | 1 | |
| Beastiary | 3 | |
| Voodoo Lounge | 1 | |
30 total
» build order
01:01 Orc Burrow
01:57 War Mill
02:18 Orc Burrow
02:39 Altar of Storms
03:19 Watch Tower
03:23 Watch Tower
03:58 Watch Tower
04:01 Watch Tower
04:11 Watch Tower
04:21 Watch Tower
04:40 Watch Tower
04:55 Watch Tower
05:23 Watch Tower
05:59 Watch Tower
06:03 Stronghold
06:40 Great Hall
06:51 Watch Tower
07:19 Watch Tower
08:24 Fortress
08:33 Beastiary
08:39 Beastiary
09:48 Voodoo Lounge
09:52 Beastiary
10:38 Orc Burrow
12:47 Orc Burrow
13:01 Orc Burrow
14:01 War Mill
18:50 Orc Burrow
19:53 Orc Burrow
23:15 Orc Burrow
» items
| Scroll of Town Portal | 3 | |
| Orb of Lightning | 2 | |
5 total

»
Mad_Arthas (
teal | 60 APM | 2381 actions | 39:42)
9 Death Knight
3 Death Coil
3 Unholy Aura
2 Death Pact
1 Animate Dead
» actions
| Assign group hotkey | 144 | |
| Build / train | 81 | |
| ESC pressed | 2 | |
| Enter build submenu | 23 | |
| Enter hero's abilities submenu | 9 | |
| Give item / drop item | 1 | |
| Right click | 1047 | |
| Select / deselect | 437 | |
| Select group hotkey | 561 | |
| Use ability | 76 | |
2381 total
» units
| Acolyte | 25 | |
| Ghoul | 4 | |
| Crypt Fiend | 12 | |
| Frost Wyrm | 2 | |
43 total
» upgrades
| Creature Attack | 3 | |
| Creature Carapace | 2 | |
| Web | 1 | |
| Burrow | 1 | |
| Freezing Breath | 1 | |
8 total
» buildings
| Ziggurat | 11 | |
| Crypt | 1 | |
| Altar of Darkness | 1 | |
| Graveyard | 1 | |
| Tomb of Relics | 1 | |
| Halls of the Dead | 1 | |
| Spirit Tower | 7 | |
| Sacrificial Pit | 1 | |
| Black Citadel | 3 | |
| Nerubian Tower | 1 | |
| Boneyard | 3 | |
| Necropolis | 1 | |
32 total
» build order
00:12 Ziggurat
00:15 Crypt
00:34 Altar of Darkness
01:02 Graveyard
01:16 Tomb of Relics
01:40 Ziggurat
03:37 Ziggurat
05:27 Halls of the Dead
05:54 Spirit Tower
06:31 Ziggurat
06:35 Ziggurat
06:38 Ziggurat
07:43 Spirit Tower
09:48 Sacrificial Pit
10:35 Spirit Tower
12:31 Ziggurat
12:32 Ziggurat
12:34 Ziggurat
13:08 Black Citadel
14:40 Spirit Tower
14:43 Spirit Tower
14:45 Nerubian Tower
15:37 Ziggurat
15:41 Black Citadel
16:43 Spirit Tower
17:38 Black Citadel
18:36 Spirit Tower
20:43 Boneyard
20:45 Boneyard
20:48 Boneyard
33:56 Necropolis
34:55 Ziggurat
» items
| Rod of Necromancy | 3 | |
| Potion of Healing | 1 | |
| Scroll of Town Portal | 1 | |
| Dust of Appearance | 1 | |
| Potion of Lesser Invulnerability | 1 | |
| Boots of Speed | 1 | |
8 total
team 2 (loser)
blue.bar (
green | 81 APM | 5229 actions | 64:51)
7 Naga Sea Witch
3 Forked Lightning
3 Frost Arrows
1 Tornado
5 Keeper of the Grove
3 Entangling Roots
2 Thorns Aura
6 Goblin Alchemist
3 Acid Bomb
2 Chemical Rage
1 Transmute
» actions
| Assign group hotkey | 163 | |
| Basic commands | 63 | |
| Build / train | 104 | |
| ESC pressed | 2 | |
| Enter build submenu | 24 | |
| Enter hero's abilities submenu | 18 | |
| Give item / drop item | 1 | |
| Right click | 3366 | |
| Select / deselect | 624 | |
| Select group hotkey | 724 | |
| Use ability | 140 | |
5229 total
» units
| Wisp | 29 | |
| Huntress | 3 | |
| Druid of the Talon | 11 | |
| Faerie Dragon | 1 | |
| Dryad | 6 | |
| Hippogryph | 6 | |
56 total
» upgrades
| Ultravision | 1 | |
| Druid of the Talon Training | 2 | |
| Nature's Blessing | 1 | |
| Well Spring | 1 | |
| Strength of the Wild | 3 | |
| Reinforced Hides | 3 | |
| Mark of the Talon | 1 | |
| Abolish Magic | 1 | |
13 total
» buildings
| Moon Well | 8 | |
| Altar of Elders | 2 | |
| Ancient of War | 1 | |
| Ancient of Wonders | 1 | |
| Hunter's Hall | 1 | |
| Tree of Ages | 1 | |
| Ancient Protector | 4 | |
| Ancient of Wind | 3 | |
| Tree of Eternity | 1 | |
| Ancient of Lore | 1 | |
| Tree of Life | 3 | |
26 total
» build order
00:56 Moon Well
00:57 Altar of Elders
01:15 Ancient of War
01:32 Ancient of Wonders
02:35 Moon Well
02:37 Hunter's Hall
02:40 Moon Well
03:46 Tree of Ages
04:04 Ancient Protector
05:23 Moon Well
05:56 Moon Well
06:09 Ancient of Wind
06:09 Ancient of Wind
07:31 Tree of Eternity
10:54 Ancient of Lore
14:05 Ancient Protector
14:08 Ancient Protector
17:03 Moon Well
18:35 Ancient of Wind
18:40 Ancient Protector
18:51 Moon Well
24:29 Tree of Life
27:00 Tree of Life
34:33 Tree of Life
51:58 Moon Well
52:56 Altar of Elders
» items
| Circlet of Nobility | 1 | |
| Boots of Speed | 2 | |
| Moonstone | 1 | |
| Scroll of Town Portal | 4 | |
| Anti-magic Potion | 1 | |
| Potion of Lesser Invulnerability | 1 | |
| Staff of Teleportation | 2 | |
12 total

»
SMERBSSISTER (
pink | 44 APM | 3882 actions | 87:48)
8 Blood Mage
3 Flame Strike
3 Siphon Mana
1 Summon Phoenix
1 Banish
» actions
| Assign group hotkey | 43 | |
| Basic commands | 188 | |
| Build / train | 142 | |
| Enter build submenu | 38 | |
| Enter hero's abilities submenu | 8 | |
| Give item / drop item | 3 | |
| Remove unit from queue | 2 | |
| Right click | 1464 | |
| Select / deselect | 566 | |
| Select group hotkey | 1152 | |
| Use ability | 276 | |
3882 total
» units
| Peasant | 27 | |
| Footman | 5 | |
| Sorceress | 12 | |
| Gryphon Rider | 8 | |
| Dragonhawk Rider | 1 | |
53 total
» upgrades
| Lumber Harvesting | 2 | |
| Masonry | 3 | |
| Sorceress Training | 2 | |
| Magic Sentry | 1 | |
| Storm Hammers | 1 | |
| Animal War Training | 1 | |
| Cloud | 1 | |
11 total
» buildings
| Altar of Kings | 1 | |
| Barracks | 1 | |
| Farm | 11 | |
| Scout Tower | 49 | |
| Arcane Vault | 3 | |
| Arcane Tower | 3 | |
| Keep | 1 | |
| Lumber Mill | 3 | |
| Guard Tower | 22 | |
| Arcane Sanctum | 2 | |
| Town Hall | 6 | |
| Castle | 1 | |
| Gryphon Aviary | 4 | |
| Blacksmith | 1 | |
108 total
» build order
00:09 Altar of Kings
00:24 Barracks
00:38 Farm
00:55 Farm
01:31 Farm
01:38 Scout Tower
01:59 Arcane Vault
02:28 Arcane Tower
03:46 Keep
04:18 Lumber Mill
04:57 Scout Tower
04:57 Scout Tower
05:36 Guard Tower
06:22 Farm
06:26 Arcane Sanctum
06:28 Arcane Sanctum
07:07 Farm
07:48 Town Hall
07:51 Lumber Mill
07:56 Lumber Mill
08:00 Scout Tower
08:15 Guard Tower
08:39 Arcane Tower
09:42 Scout Tower
09:42 Scout Tower
09:43 Scout Tower
10:16 Scout Tower
10:16 Scout Tower
10:16 Scout Tower
10:17 Scout Tower
10:18 Scout Tower
10:19 Scout Tower
10:39 Guard Tower
11:01 Guard Tower
11:18 Castle
11:21 Guard Tower
11:45 Guard Tower
11:49 Scout Tower
11:49 Scout Tower
11:49 Scout Tower
12:40 Scout Tower
12:40 Scout Tower
13:00 Guard Tower
14:06 Guard Tower
14:30 Scout Tower
14:30 Scout Tower
14:30 Scout Tower
14:31 Scout Tower
14:31 Scout Tower
14:32 Scout Tower
15:24 Guard Tower
15:25 Guard Tower
16:09 Guard Tower
18:06 Scout Tower
18:06 Scout Tower
18:07 Scout Tower
18:07 Scout Tower
18:08 Scout Tower
18:09 Scout Tower
19:21 Guard Tower
19:22 Guard Tower
21:29 Arcane Vault
21:49 Scout Tower
21:50 Scout Tower
21:51 Scout Tower
21:51 Scout Tower
21:52 Scout Tower
21:52 Scout Tower
22:57 Guard Tower
25:58 Gryphon Aviary
25:59 Gryphon Aviary
26:00 Gryphon Aviary
26:51 Farm
26:52 Farm
26:52 Farm
26:53 Farm
26:55 Arcane Tower
31:30 Town Hall
31:31 Scout Tower
31:32 Scout Tower
31:32 Scout Tower
31:33 Scout Tower
31:33 Scout Tower
32:03 Guard Tower
32:03 Guard Tower
32:28 Guard Tower
33:35 Guard Tower
34:58 Scout Tower
34:58 Scout Tower
34:59 Scout Tower
34:59 Scout Tower
36:00 Guard Tower
39:28 Town Hall
39:29 Scout Tower
39:30 Scout Tower
39:30 Scout Tower
40:10 Guard Tower
41:10 Town Hall
41:26 Arcane Vault
42:24 Blacksmith
43:33 Town Hall
44:44 Town Hall
45:29 Gryphon Aviary
» items
| Scroll of Regeneration | 13 | |
| Ivory Tower | 3 | |
| Staff of Teleportation | 1 | |
| Potion of Invisibility | 3 | |
| Potion of Lesser Invulnerability | 1 | |
| Lesser Clarity Potion | 3 | |
| Potion of Healing | 3 | |
| Scroll of Town Portal | 5 | |
| Potion of Mana | 6 | |
| Boots of Speed | 1 | |
39 total

»
Maverick (
yellow | 33 APM | 2904 actions | 87:48)
6 Priestess of the Moon
3 Trueshot Aura
2 Searing Arrows
1 Starfall
» actions
| Assign group hotkey | 22 | |
| Basic commands | 15 | |
| Build / train | 77 | |
| ESC pressed | 3 | |
| Enter build submenu | 24 | |
| Enter hero's abilities submenu | 6 | |
| Remove unit from queue | 1 | |
| Right click | 2131 | |
| Select / deselect | 443 | |
| Select group hotkey | 148 | |
| Use ability | 34 | |
2904 total
» units
| Wisp | 16 | |
| Archer | 2 | |
| Huntress | 5 | |
| Hippogryph | 23 | |
| Chimaera | 10 | |
56 total
» upgrades
| Strength of the Wild | 3 | |
| Reinforced Hides | 4 | |
| Well Spring | 1 | |
| Corrosive Breath | 1 | |
| Strength of the Moon | 1 | |
| Moon Armor | 1 | |
11 total
» buildings
| Moon Well | 10 | |
| Altar of Elders | 1 | |
| Ancient of War | 1 | |
| Hunter's Hall | 1 | |
| Ancient Protector | 1 | |
| Tree of Ages | 1 | |
| Ancient of Wind | 2 | |
| Tree of Eternity | 1 | |
| Chimaera Roost | 2 | |
20 total
» build order
00:19 Moon Well
00:22 Altar of Elders
01:17 Ancient of War
02:05 Hunter's Hall
02:37 Moon Well
03:12 Moon Well
03:42 Ancient Protector
04:14 Tree of Ages
05:37 Moon Well
06:40 Ancient of Wind
07:41 Moon Well
08:54 Tree of Eternity
10:05 Moon Well
11:13 Moon Well
11:29 Chimaera Roost
11:35 Chimaera Roost
12:49 Ancient of Wind
14:45 Moon Well
15:47 Moon Well
25:51 Moon Well
chronicalvizons (
orange | 22 APM | 1686 actions | 78:16)
4 Priestess of the Moon
1 Scout
2 Searing Arrows
1 Trueshot Aura
4 Demon Hunter
2 Immolation
1 Evasion
1 Mana Burn
» actions
| Assign group hotkey | 23 | |
| Basic commands | 10 | |
| Build / train | 87 | |
| Enter build submenu | 35 | |
| Enter hero's abilities submenu | 8 | |
| Right click | 720 | |
| Select / deselect | 503 | |
| Select group hotkey | 233 | |
| Use ability | 67 | |
1686 total
» units
| Wisp | 30 | |
| Archer | 6 | |
| Huntress | 4 | |
| Druid of the Claw | 4 | |
| Dryad | 9 | |
| Glaive Thrower | 2 | |
55 total
» upgrades
| Strength of the Wild | 3 | |
| Strength of the Moon | 1 | |
| Druid of the Claw Training | 2 | |
| Abolish Magic | 1 | |
| Reinforced Hides | 3 | |
| Mark of the Claw | 1 | |
| Well Spring | 1 | |
| Moon Armor | 1 | |
13 total
» buildings
| Moon Well | 12 | |
| Altar of Elders | 2 | |
| Ancient of War | 2 | |
| Hunter's Hall | 2 | |
| Tree of Ages | 1 | |
| Ancient Protector | 6 | |
| Ancient of Lore | 2 | |
| Tree of Eternity | 1 | |
| Tree of Life | 5 | |
| Ancient of Wonders | 2 | |
35 total
» build order
00:16 Moon Well
00:26 Altar of Elders
01:15 Ancient of War
01:47 Moon Well
03:04 Hunter's Hall
04:10 Tree of Ages
04:19 Ancient Protector
06:11 Ancient Protector
06:16 Moon Well
07:06 Ancient of Lore
07:11 Ancient of Lore
07:31 Moon Well
08:19 Tree of Eternity
10:42 Moon Well
11:53 Moon Well
15:11 Tree of Life
16:50 Moon Well
18:57 Moon Well
22:32 Ancient of Wonders
28:05 Altar of Elders
29:23 Moon Well
30:26 Moon Well
34:41 Tree of Life
41:12 Tree of Life
41:49 Ancient of Wonders
44:26 Hunter's Hall
45:12 Tree of Life
46:01 Ancient Protector
46:07 Ancient Protector
46:12 Moon Well
46:17 Ancient Protector
46:24 Ancient Protector
49:23 Ancient of War
49:40 Moon Well
55:46 Tree of Life
» items
| Scroll of Town Portal | 1 | |
| Potion of Healing | 1 | |
| Boots of Speed | 1 | |
| Periapt of Vitality | 1 | |
| Circlet of Nobility | 1 | |
| Staff of Teleportation | 1 | |
| Potion of Lesser Invulnerability | 1 | |
7 total
Chat log
(01:04 / Allies) chronicalvizons: units?
(01:19 / All) SMERBSSISTER: smerb #1
(01:23 / Allies) Maverick: 7 huntlars should do it
(01:31 / All) SMERB.COM.COM: http://gatherer.wizards.com/Pages/Card/Discussion.aspx?multiverseid=368971
(01:41 / All) SMERBSSISTER: what is that
(03:12 / All) Mad_Arthas: hello owl
(03:17 / All) Mad_Arthas: my friend
(03:50 / Allies) chronicalvizons: lets rush
(03:58 / Allies) chronicalvizons: bvlue just got there
(04:28 / All) SMERBSSISTER: idle hero smerb? This is mugiscool
(04:31 / Allies) Maverick: ready to rushhh
(04:33 / All) SMERB.COM.COM: more or less
(04:35 / Allies) Maverick: (nope)
(04:37 / All) SMERB.COM.COM: yes good plan
(04:45 / All) SMERBSSISTER: play any games like our game on deadlands yet
(04:50 / All) SMERB.COM.COM: nothing at all
(04:52 / All) SMERB.COM.COM: even close
(05:28 / All) SMERB.COM.COM: i fed a bit before realizing to idle
(05:30 / All) SMERB.COM.COM: so
(05:43 / All) SMERB.COM.COM: might be dicey
(06:37 / Allies) chronicalvizons: what's everyone getting?
(08:44 / Allies) chronicalvizons: coming
(08:54 / All) What_A_Buster: dayam
(09:01 / All) What_A_Buster: bitches run when dayz owned eh?
(09:55 / All) chronicalvizons: yes they do
(12:02 / Allies) chronicalvizons: frosties
(12:12 / Allies) chronicalvizons: do we have aa?
(12:13 / All) What_A_Buster: THANKS FOR THE TALISMAN LOVE
(12:15 / Allies) Maverick: my dream, my empire
(12:20 / All) What_A_Buster: IDA HAD A HARD TIME BY MESELF
(12:22 / All) What_A_Buster: IOH SHIT
(12:25 / Allies) Maverick: i could crap some hipps?
(12:32 / Allies) chronicalvizons: crap some hipps
(13:32 / All) Mad_Arthas: cmon
(13:35 / All) SMERBSSISTER: lol
(13:36 / All) Mad_Arthas: fck u pink ?
(13:41 / All) Maverick: FCKU
(13:55 / Allies) chronicalvizons: alright we need to do something
(14:07 / Allies) chronicalvizons: they have mines
(14:09 / Allies) chronicalvizons: and we have none
(14:13 / Allies) chronicalvizons: or one
(14:15 / Allies) Maverick: ugh..
(14:31 / Allies) chronicalvizons: spend money yellow
(15:01 / Allies) chronicalvizons: blue has nothing
(15:04 / Allies) chronicalvizons: as far as i can tell
(15:10 / Allies) Maverick: if you need money ask
(15:14 / Allies) Maverick: hitting a lumber wall.
(16:22 / Allies) chronicalvizons: hipps
(16:34 / Allies) Maverick: oh shiet
(16:59 / Allies) chronicalvizons: no yellow
(17:00 / Allies) chronicalvizons: lol
(17:13 / Allies) Maverick: xD
(19:49 / All) SMERBSSISTER: my team is just dicking around in an unintentional way lol
(20:00 / All) Mad_Arthas: u are useless pink
(20:03 / All) SMERB.COM.COM: they tell me im not playing the game
(20:40 / All) Maverick: any o' y'all wanna wrestle?
(20:53 / Allies) chronicalvizons: lol
(20:55 / Allies) chronicalvizons: can we attack?
(20:59 / All) Maverick: even though only team mates can see that
(21:02 / Allies) Maverick: i mean...
(21:06 / Allies) Maverick: i got some dumb shit brewin up
(21:10 / All) Mad_Arthas: fail ?
(21:22 / All) SMERBSSISTER: ive only killed ur workers like 50 times
(21:28 / All) Maverick: D;
(21:53 / All) Mad_Arthas: pink failure
(21:56 / All) Mad_Arthas: boom
(21:58 / All) Mad_Arthas: pink down
(23:04 / All) claymore: i will yellow but you got to take your shirt off
(23:15 / All) Maverick: already done, greased and EVERYTHING
(23:38 / All) Maverick: GIT
(23:39 / All) Maverick: GIT
(24:14 / Allies) chronicalvizons: attack purp
(24:15 / Allies) chronicalvizons: lets go
(24:16 / All) SMERBSSISTER: LOL
(24:19 / All) SMERBSSISTER: that wsa all me
(24:26 / All) SMERB.COM.COM: lol
(25:42 / All) SMERBSSISTER: no idea why ur idio tteam is hitting u
(25:44 / All) SMERBSSISTER: mine i mean
(25:54 / Allies) blue.bar: ...
(27:21 / All) Mad_Arthas: fail ?
(27:35 / All) Maverick: so rusty
(28:24 / Allies) chronicalvizons: no yello wattack
(28:25 / Allies) chronicalvizons: attack
(28:42 / Allies) chronicalvizons: send chims now
(29:05 / Allies) Maverick: ping to where
(29:30 / Allies) SMERBSSISTER: ignor epurple idiots
(29:34 / Allies) SMERBSSISTER: he isnt even helping his team
(29:49 / All) claymore: purp with the big 12k gold good job 3vs4 well me vs you now
(29:51 / Allies) chronicalvizons: pink throw me some money
(29:56 / All) SMERBSSISTER: LOL
(30:02 / All) SMERB.COM.COM: d*ng
(30:32 / Allies) chronicalvizons: pink some money
(30:33 / Allies) chronicalvizons: [plz
(31:17 / Allies) chronicalvizons: pink?
(31:52 / Allies) chronicalvizons: finish it off
(32:43 / Allies) chronicalvizons: yellow bring your hipps
(32:53 / Allies) chronicalvizons: take them back
(32:55 / Allies) chronicalvizons: back yellow
(32:59 / All) SMERBSSISTER: this is a fun game tho lol
(33:04 / Allies) chronicalvizons: pink some money??
(33:06 / All) SMERB.COM.COM: mnay aco kills
(33:09 / Allies) chronicalvizons: i need 100 for hero
(33:11 / All) Mad_Arthas: u being rolled
(33:56 / Allies) chronicalvizons: nothing pink?
(34:02 / Allies) SMERBSSISTER: 'yes
(34:17 / Allies) chronicalvizons: thanks bro
(34:21 / Allies) chronicalvizons: anyone got 200 ?
(34:27 / Allies) chronicalvizons: green
(34:32 / Allies) chronicalvizons: ty yellow
(34:34 / Allies) Maverick: all i got left ;-;
(34:43 / Allies) Maverick: make them...die...
(35:31 / All) Mad_Arthas: ur nemesis
(35:33 / All) Mad_Arthas: again pink
(35:54 / Allies) SMERBSSISTER: come yellow
(35:55 / Allies) SMERBSSISTER: lets go
(36:03 / Allies) SMERBSSISTER: we can take teal
(36:04 / Allies) SMERBSSISTER: come
(37:29 / Allies) SMERBSSISTER: teal base
(37:37 / All) Mad_Arthas: oh pink
(37:38 / Allies) Maverick: o.o
(37:39 / All) Mad_Arthas: lost ur base
(37:40 / All) Mad_Arthas: mad ?
(37:51 / All) Mad_Arthas: so sad
(37:53 / All) Mad_Arthas: NEMESIS
(38:07 / Allies) SMERBSSISTER: FIGHT
(38:22 / Allies) chronicalvizons: lol
(38:25 / Allies) chronicalvizons: teal went after pink's hero
(38:29 / Allies) chronicalvizons: that was actually cute
(38:34 / Allies) chronicalvizons: destroy yellow
(38:49 / Allies) Maverick: yo, gold
(38:52 / Allies) Maverick: plz <3
(39:03 / Allies) chronicalvizons: how much you need?
(39:06 / Allies) Maverick: 100
(39:13 / Allies) Maverick: technically like...7
(39:26 / Allies) chronicalvizons: glad i could give it back
(39:42 / All) Mad_Arthas: gg
(39:51 / Allies) chronicalvizons: so its just purp
(39:56 / Allies) chronicalvizons: this has been a game of endurance
(40:01 / All) SMERBSSISTER: u suck purple!!!
(40:11 / Allies) SMERBSSISTER: wood plz
(40:13 / All) SMERB.COM.COM: fuk u
(41:09 / Allies) Maverick: if this is gonna turn into a game of endurance i am gonna need to expo..
(41:19 / Allies) chronicalvizons: lol
(41:21 / Allies) chronicalvizons: i got you yellow
(41:29 / Allies) chronicalvizons: you protect i'll provide
(41:38 / Allies) chronicalvizons: like the mob
(41:52 / Allies) Maverick: aw shit yeah
(42:06 / Allies) Maverick: i just have no money for new chims and such, feeling neglected. xD
(42:21 / Allies) chronicalvizons: might as well take over purps
(42:24 / Allies) Maverick: eh i got lolfall
(42:33 / Allies) SMERBSSISTER: get siege
(42:33 / Allies) Maverick: that's good enough for me
(42:36 / Allies) SMERBSSISTER: kill off ur hippos
(42:42 / Allies) SMERBSSISTER: they are out of gold
(42:44 / Allies) Maverick: i have 63 gold and no expo
(42:45 / Allies) SMERBSSISTER: hippos does nothing
(42:49 / Allies) SMERBSSISTER: k
(43:21 / Allies) Maverick: 100 more...;/ please
(43:28 / Allies) chronicalvizons: no yellow
(43:30 / Allies) chronicalvizons: help me survive
(44:05 / Allies) SMERBSSISTER: get siege
(44:07 / Allies) SMERBSSISTER: glaives
(44:12 / Allies) chronicalvizons: if i had money
(44:19 / Allies) Maverick: upkeep took the 300 gold..
(44:24 / Allies) Maverick: i ended up with 273
(44:26 / Allies) SMERBSSISTER: gold? Im getting mortars now
(45:18 / Allies) SMERBSSISTER: kill off ur hippos so u net gold at no upkeep yellow, pretty sure they dont have air
(45:24 / Allies) SMERBSSISTER: all mines ar elow
(45:36 / Allies) chronicalvizons: except this one
(46:31 / Allies) SMERBSSISTER: wood plz yellow ? like 2k im gonna get cloud and kill blue tower
(46:55 / Allies) chronicalvizons: use wisps
(46:56 / Allies) chronicalvizons: yellow
(46:58 / Allies) chronicalvizons: to heal
(46:58 / Allies) Maverick: give meh some gold dammit!
(47:04 / Allies) Maverick: i uprooted!
(47:10 / Allies) Maverick: to take an expo! that's sad
(47:14 / Allies) Maverick: ...and awesome
(47:22 / Allies) SMERBSSISTER: lol
(47:41 / Allies) SMERBSSISTER: kill off ur hippos yellow
(47:43 / Allies) SMERBSSISTER: so u have no upkeep
(48:28 / All) SMERBSSISTER: question
(48:42 / All) SMERBSSISTER: who invented sliced bread
(48:43 / All) SMERBSSISTER: yellow
(48:51 / Allies) Maverick: i attached to you for the aura boost on your griffs
(48:59 / All) SMERB.COM.COM: i do dare think so
(49:05 / Allies) Maverick: oh and like
(49:17 / Allies) Maverick: laura ingles..
(49:48 / All) SMERBSSISTER: u need to be at zero upkeep yellow
(50:06 / Allies) Maverick: ughhh
(50:41 / Allies) chronicalvizons: dude pink
(50:58 / All) SMERBSSISTER: u get to keep one hero green
(51:53 / Allies) chronicalvizons: wtf pink
(52:05 / Allies) Maverick: they're friends
(52:08 / Allies) Maverick: butt friends.
(52:16 / Allies) Maverick: i didn't even realize he was the last one left ;/
(52:21 / All) SMERBSSISTER: LOL
(52:25 / Allies) Maverick: or else i'd have left and not bothered with this xD
(52:32 / All) SMERBSSISTER: ill let u keep one hero
(52:33 / All) SMERBSSISTER: yellow
(52:35 / Allies) Maverick: was fun though
(52:54 / Allies) chronicalvizons: i get nothing i guess
(53:05 / All) SMERBSSISTER: u get one heroo too oj
(53:14 / Allies) chronicalvizons: what's the point?
(53:24 / All) SMERBSSISTER: i leave ur one hero alone
(53:25 / All) SMERBSSISTER: its fair
(53:35 / Allies) chronicalvizons: did you kill off blue and red yet?
(53:38 / Allies) chronicalvizons: how is that fair?
(53:47 / All) SMERBSSISTER: he wont touch them
(53:56 / Allies) Maverick: some men just want to watch the world burn
(54:05 / All) SMERBSSISTER: lol
(54:06 / Allies) Maverick: ...of warcraft
(54:07 / All) SMERBSSISTER: say that in all chat
(54:15 / All) SMERBSSISTER: he quoted the dark knight
(54:18 / Allies) chronicalvizons: so is this game going to end?
(54:22 / All) SMERB.COM.COM: lol
(54:23 / All) SMERB.COM.COM: lol
(54:25 / All) SMERB.COM.COM: lololol
(54:30 / All) SMERBSSISTER: "some men just want to watch the world burn"
(54:53 / All) SMERBSSISTER: well guys
(55:00 / All) SMERBSSISTER: yes i do know purple a little bit but
(55:02 / All) SMERBSSISTER: that isnt the poit
(55:04 / All) SMERBSSISTER: the point is
(55:07 / All) SMERBSSISTER: he doesnt care for the win
(55:09 / All) SMERBSSISTER: so if u want the win
(55:13 / All) SMERBSSISTER: u need to do ur begging to him
(55:18 / All) SMERB.COM.COM: beg me
(55:23 / All) SMERB.COM.COM: i will leave then
(55:24 / All) SMERB.COM.COM: abruptly
(55:28 / All) Maverick: my maverick account is the single most valuable thing i have
(55:32 / All) SMERBSSISTER: LOL
(55:37 / All) SMERB.COM.COM: keep talkin
(55:42 / All) SMERB.COM.COM: im liking where this is headed
(55:42 / All) SMERBSSISTER: even more valuable than ur significant other?
(55:44 / All) Maverick: nah, that was it.
(55:48 / All) Maverick: i was SERIOUS
(55:52 / All) Maverick: you mean like...doritos?
(56:18 / All) Maverick: woo
(56:25 / All) Maverick: EMERGIN' ON YALL
(56:28 / All) Maverick: ;-;
(58:15 / All) Maverick: man
(58:17 / All) Maverick: its 4am
(58:18 / All) SMERBSSISTER: yes yellow
(58:21 / All) SMERBSSISTER: im n west coat
(58:21 / All) Maverick: cant stay awake...
(58:23 / All) SMERBSSISTER: so its 1
(58:25 / All) Maverick: need that MELLOW YELLA
(58:36 / All) SMERB.COM.COM: yeah good idea
(59:00 / All) SMERBSSISTER: we all got one hero now
(59:02 / All) SMERBSSISTER: cept for yellow
(59:08 / All) Maverick: and im mella
(59:10 / All) Maverick: ya dick
(59:45 / All) Maverick: green no!!!
(59:48 / All) Maverick: NOOOOOO
(59:57 / All) Maverick: Youre playin a dangerous game!
(60:00 / All) SMERBSSISTER: not wise green
(60:55 / All) chronicalvizons: you basterd
(61:00 / All) SMERBSSISTER: lawl
(61:04 / All) chronicalvizons: stay away form that well
(61:20 / All) SMERB.COM.COM: your name is julian
(61:21 / All) SMERBSSISTER: these allies are wiser than i thought
(62:36 / All) SMERBSSISTER: im wiser tho
(62:39 / All) SMERBSSISTER: green
(62:43 / All) SMERBSSISTER: if u go left i go right
(62:57 / All) chronicalvizons: alright so we rdy to end this game
(64:27 / All) SMERBSSISTER: wow smart
(65:02 / All) Maverick: our first casualty D;
(65:07 / All) SMERB.COM.COM: :(
(65:08 / All) chronicalvizons: so what's it going to be?
(65:13 / All) SMERBSSISTER: u havent
(65:15 / All) SMERBSSISTER: begged enough
(65:15 / All) SMERBSSISTER: oj
(65:22 / All) Maverick: pass the chronic...les of narnia.
(65:23 / All) SMERB.COM.COM: Beg me now
(65:34 / All) SMERBSSISTER: i like purple have no desire to win
(65:37 / All) SMERBSSISTER: so u need to beg
(66:02 / All) chronicalvizons: neither do i
(66:38 / All) Maverick: no do that again
(66:43 / All) Maverick: it's the only chance we've got!
(66:44 / All) Maverick: xD
(67:00 / All) SMERBSSISTER: yellow if i give u control for 5 sec
(67:02 / All) SMERBSSISTER: what would u do
(67:09 / All) SMERBSSISTER: would u honor me by killing my hero
(67:17 / All) chronicalvizons: i would
(67:29 / All) Maverick: a warriors death to be sure.
(67:47 / All) SMERBSSISTER: ok let me leave one builidng
(67:49 / All) Maverick: personally i think you should stand him in front of the tours and get him firing squad style
(67:51 / All) Maverick: errr...too late
(67:59 / All) Maverick: towers*
(68:07 / All) chronicalvizons: purp please leave
(68:14 / All) SMERBSSISTER: beg harder oj
(68:18 / All) chronicalvizons: lol
(68:23 / All) SMERBSSISTER: im not jesting when i say he doesnt care
(68:24 / All) chronicalvizons: oooo please
(68:29 / All) chronicalvizons: i'm down on my knees
(68:34 / All) Maverick: leave. LEAVE NO BEFORE THE ADMIN BANS YOU
(68:37 / All) SMERBSSISTER: last week we played an awesome game, hour long and he only got a hero
(68:41 / All) Maverick: i swear, ill send this to blizzaarrdddd
(68:59 / All) chronicalvizons: i'm begging you daily
(69:12 / All) chronicalvizons: hooo hooo hooo
(69:14 / All) SMERBSSISTER: whats ur fav console game guys
(69:19 / All) SMERBSSISTER: im playing knights of hte old republic right now
(69:20 / All) chronicalvizons: xbos
(69:21 / All) SMERBSSISTER: love it
(69:24 / All) SMERBSSISTER: best star wars game
(69:24 / All) Maverick: oh hell yeah
(69:30 / All) chronicalvizons: i'm watching netflix
(69:40 / All) chronicalvizons: purp leave pl;ease
(69:41 / All) SMERBSSISTER: i have a 5gb montly usage internet i cant watch netflix
(69:43 / All) Maverick: hm, been playing metal gear rising a lot lately. pretty cool.
(69:46 / All) SMERBSSISTER: BEG oj
(69:50 / All) chronicalvizons: me and yellow were kind enough to wait
(69:50 / All) SMERBSSISTER: mgs hd collection?
(70:08 / All) Maverick: that too =p, but no the game where you are cyborg raiden
(70:10 / All) chronicalvizons: come on purp
(70:16 / All) Maverick: it's really over the top, damn cool
(70:20 / All) chronicalvizons: pleaseee
(70:25 / All) SMERBSSISTER: oh
(70:26 / All) SMERBSSISTER: rising?
(70:31 / All) chronicalvizons: i won't bang your sister later
(70:34 / All) SMERBSSISTER: i heard its just a button masher
(70:35 / All) Maverick: yeah "Metal Gear Rising"
(70:50 / All) Maverick: eh, depends. it's really accessible in that easy mode you won't die
(71:00 / All) Maverick: but if you play on hard and stuff you'll get your ass handed to you
(71:15 / All) chronicalvizons: ok purp
(71:18 / All) SMERBSSISTER: u like rpgs?
(71:19 / All) chronicalvizons: time to leave
(71:20 / All) Maverick: it's at redbox, definitely worth the $2
(71:29 / All) Maverick: yeah.
(71:35 / All) SMERBSSISTER: what will u do
(71:37 / All) Maverick: hmm...
(71:38 / All) SMERBSSISTER: oh what will u do
(71:44 / All) SMERBSSISTER: LOL
(71:45 / All) chronicalvizons: your welcome
(71:52 / All) Maverick: xD...ok thats funny
(71:54 / All) SMERBSSISTER: ill leave the game
(71:57 / All) SMERBSSISTER: and leav eu one dhawk
(71:58 / All) SMERBSSISTER: with cloud
(72:01 / All) SMERBSSISTER: u 2 can fihgt over it
(72:06 / All) SMERBSSISTER: purp is afk for the night
(72:17 / All) Maverick: me. too.
(72:18 / All) Maverick: xD
(72:19 / All) chronicalvizons: r u fucking kidding?
(72:22 / All) SMERBSSISTER: no im not
(72:25 / All) Maverick: ahh this is great
(72:30 / All) SMERBSSISTER: u get one dhawk
(72:46 / All) chronicalvizons: why is that fun?
(72:55 / All) chronicalvizons: tell purp to let us off
(72:55 / All) SMERBSSISTER: its not about entertainment oj
(72:57 / All) SMERBSSISTER: its about pride
(72:58 / All) SMERBSSISTER: and honor
(73:05 / All) Maverick: hey guy...dratsab?
(73:09 / All) SMERBSSISTER: lol
(73:13 / All) SMERBSSISTER: dratsab is my friend
(73:15 / All) SMERBSSISTER: from years ago
(73:18 / All) Maverick: !!!! that's funny
(73:21 / All) Maverick: yeah me too dude. xD
(73:22 / All) SMERBSSISTER: gamefaqs?
(73:26 / All) Maverick: yessir
(73:31 / All) SMERBSSISTER: im flamechamp
(73:39 / All) Maverick: ;o i recognize that name!
(73:43 / All) Maverick: i lurk mostly.
(74:02 / All) Maverick: yeah dratsab and i played a few dumbass games together
(74:13 / All) SMERBSSISTER: he doesnt play
(74:17 / All) SMERBSSISTER: do u remember turncoat
(74:32 / All) Maverick: nah
(74:43 / All) SMERBSSISTER: that dhawk cold win u the game
(75:11 / All) Maverick: damn
(75:13 / All) SMERBSSISTER: could
(75:14 / All) Maverick: finger slipped
(75:17 / All) SMERBSSISTER: lawl
(75:21 / All) SMERBSSISTER: that was ur chance oj
(75:28 / All) SMERBSSISTER: u can reavel with my tower now
(75:31 / All) chronicalvizons: i tried killing off that hawk
(75:36 / All) SMERBSSISTER: maybe the spiral reveals will hurt his buildings
(75:44 / All) chronicalvizons: that's what i hear
(75:45 / All) Maverick: all that solar damage
(75:54 / All) SMERBSSISTER: this was a fun game
(75:57 / All) SMERBSSISTER: i absolutely raped teals
(75:58 / All) chronicalvizons: fucking liberal bullshit
(75:58 / All) SMERBSSISTER: workers
(75:59 / All) SMERBSSISTER: and reds
(76:27 / All) Maverick: liberal bullshit alright.
(76:30 / All) SMERBSSISTER: u guys shouldnt stop pleaing to purple
(76:35 / All) SMERBSSISTER: he really is ur only chance now
(76:45 / All) Maverick: o lawd purple plz wake up in good spiritz <3
(77:04 / All) SMERBSSISTER: purple used to a legend at wagonmancering
(77:14 / All) SMERBSSISTER: best there ever was
(77:28 / All) SMERBSSISTER: necs/wagon can beat any army
(77:52 / All) SMERBSSISTER: i had it happen to me once
(77:57 / All) Maverick: that is a strat i've wanted to see done well. never seems to happen
(78:06 / All) SMERBSSISTER: what?
(78:07 / All) SMERBSSISTER: towers?
(78:13 / All) Maverick: nah, wagon and necro
(78:28 / All) SMERBSSISTER: purps the man to ask
(78:29 / All) Maverick: never seen anyone do it worth a damn. MAYBE once...now that i think about it..
(78:38 / All) SMERBSSISTER: im too lazy to attempt it
(78:42 / All) SMERBSSISTER: i like screwing aorund with one hero
(78:43 / All) Maverick: yeah, seriously.
(78:55 / All) SMERBSSISTER: thats cool u post on gfaqs
(78:56 / All) SMERBSSISTER: man
(79:16 / All) Maverick: yeah, weird. i thought i had randomly run into dratsab again
(79:17 / All) SMERBSSISTER: man
(79:23 / All) Maverick: the second damn night i had the game installed.
(79:44 / All) SMERBSSISTER: dratsab is cool i used to be very good online friends with him
(79:58 / All) SMERBSSISTER: man
(80:02 / All) SMERBSSISTER: i cant wait til may 21st
(80:10 / All) SMERBSSISTER: gfaq boards are gonna be crazy
(80:16 / All) SMERBSSISTER: over the next xbox announcement
(80:18 / All) Maverick: what's that?
(80:20 / All) SMERBSSISTER: if the rumors are true
(80:26 / All) SMERBSSISTER: of online only and blocking used games
(80:28 / All) Maverick: oh yeah, im really not even excited about this generation
(80:30 / All) SMERBSSISTER: there is gonna be some legendary
(80:32 / All) Maverick: i'm going to pc next gen.
(80:33 / All) SMERBSSISTER: posts
(80:35 / All) SMERBSSISTER: i know
(80:39 / All) SMERBSSISTER: it looks awful
(80:54 / All) SMERBSSISTER: im thining about getting a ps2 again
(80:56 / All) SMERBSSISTER: playing cheaper shit
(80:58 / All) Maverick: people DO That....
(81:08 / All) SMERBSSISTER: karma on what
(81:12 / All) Maverick: awesome computer -> ps2 emulation
(81:22 / All) Maverick: like that crap you get for being registered at gfaqs for a while
(81:25 / All) SMERBSSISTER: i tried to use that ps2 emulator thats legal
(81:34 / All) SMERBSSISTER: too complicated
(81:35 / All) SMERBSSISTER: for me
(81:41 / All) SMERBSSISTER: u need a bios of ur ps2 or some shit
(81:42 / All) SMERBSSISTER: i gave up
(81:44 / All) Maverick: it does take some tinkering
(82:00 / All) Maverick: but otherwise. yeah ps2s kick ass
(82:14 / All) Maverick: all the rpgs
(82:51 / All) SMERBSSISTER: yes
(82:54 / All) SMERBSSISTER: i only ike rpg's
(82:58 / All) SMERBSSISTER: pretty much
(83:04 / All) SMERBSSISTER: wc3 is like an rpg if u think about it
(83:19 / All) SMERBSSISTER: i always laugh when sc/sc2 fanboys say sc is a better rts
(83:25 / All) SMERBSSISTER: im like "wc3 isn't even a real rts
(83:46 / All) Maverick: i wanna try sc2. i dunno, i suck at all these games
(83:59 / All) SMERBSSISTER: it sucks
(84:01 / All) Maverick: i'm shocked i pushed teal off during that big fight. that's one of the better things i've done
(84:01 / All) SMERBSSISTER: dont
(84:03 / All) SMERBSSISTER: 4v4 is boring
(84:20 / All) Maverick: less possibilites for stupid shit?
(84:32 / All) Maverick: cause yeah, warcraft has unlimited stupid shit if you wanna goof off
(84:40 / All) SMERBSSISTER: u cant really mess around
(84:50 / All) SMERBSSISTER: plus random team and arranged team are in the same search pool
(84:53 / All) SMERBSSISTER: its so stupid
(84:57 / All) Maverick: ...oh wow.
(85:00 / All) Maverick: that's bad.
(85:34 / All) SMERBSSISTER: do u post at all on gfaqs? ill uploa dthis replay and we can stay in touch there im about ready to go to bed
(86:02 / All) Maverick: very rarely, mostly stick to current events. you go there? i definitely recognize your name but i spend...way too long browsing
(86:05 / All) Maverick: at times to know from where xD
(86:36 / All) Maverick: but i am down for that. not like it's extra work to post more
(86:58 / All) SMERBSSISTER: its either reign of chaos or tft board they are both dead im like flamechamp2345
(87:15 / All) SMERBSSISTER: all right im gonna leave, its 130 here
(87:15 / All) Maverick: yeah i was looking at them today, dead as HELL.
(87:24 / All) SMERBSSISTER: fun ass game glad teal elft
(87:27 / All) SMERBSSISTER: arrogant bastard
(87:30 / All) Maverick: 4:30 here x.x
(87:38 / All) Maverick: yeah, glad i kicked his ass of all people xD
(87:44 / All) SMERBSSISTER: smerb i will talk to u in clan gold whenever good night u 2